 Dungeon Crawl Stone Soup version 0.23-a0-261-g133332c (webtiles) character file.

116 RonnieColeman the Conjurer (level 5, -2/31 HPs)
             Began as an Octopode Conjurer on Sept 29, 2018.
             Was an Initiate of Sif Muna.
             Engulfed by a cloud of flame (28 damage)
             ... on level 3 of the Dungeon.
             The game lasted 00:09:10 (2548 turns).

RonnieColeman the Conjurer (Octopode Conjurer)      Turns: 2548, Time: 00:09:11

Health: -2/31      AC:  1    Str:  8    XL:     5   Next: 0%
Magic:  11/11      EV: 13    Int: 18    God:    Sif Muna [......]
Gold:   147        SH:  0    Dex: 12    Spells: 4/12 levels left

rFire    . . .     SeeInvis .   f - +2 short sword (drain)
rCold    . . .     Gourm    .   (no shield)
rNeg     . . .     Faith    .   (helmet restricted)
rPois    .         Spirit   .   (no amulet)
rElec    .         Reflect  .   (no ring)
rCorr    .         Harm     .   (no ring)
MR       .....                  (no ring)
Stlth    +++.......             (no ring)
HPRegen  0.10/turn              (no ring)
MPRegen  0.12/turn              (no ring)
                                (no ring)
                                (no ring)

@: no status effects
A: almost no armour, stealthy swim, amphibious, 8 rings, constrict 8, camouflage
1, gelatinous body 1
a: Renounce Religion


You were on level 3 of the Dungeon.
You worshipped Sif Muna.
Sif Muna was noncommittal.
You were not hungry.

You visited 1 branch of the dungeon, and saw 3 of its levels.

You collected 147 gold pieces.

Inventory:

Hand Weapons
 c - a +0 short sword
 f - a +2 short sword of draining (weapon)
 i - a +0 spear
Armour
 g - a +2 shield
Scrolls
 e - 3 scrolls of remove curse {unknown}
 h - 2 scrolls of amnesia {unknown}
 j - a scroll of identify {unknown}
 l - 2 scrolls of random uselessness {unknown}
 m - a scroll of noise {unknown}
 o - 2 scrolls of enchant armour {unknown}
Potions
 a - 2 potions of agility {unknown}
 d - a potion of cancellation {unknown}
 k - a potion of flight {unknown}
 p - a potion of brilliance {unknown}
Comestibles
 b - 7 rations
 n - 2 chunks of flesh


   Skills:
 - Level 2.0 Dodging
 - Level 2.6 Stealth
 * Level 4.0 Spellcasting
 + Level 4.7 Conjurations


You had 4 spell levels left.
You knew the following spells:

 Your Spells              Type           Power        Failure   Level  Hunger
a - Magic Dart            Conj           ###.         1%          1    None
b - Mephitic Cloud        Conj/Pois/Air  #.......     22%         3    ###....
c - Iskenderun's Mystic   Conj           ###.....     21%         4    ####...

Your spell library contained the following spells:

 Spells                   Type           Power        Failure   Level  Hunger
 Searing Ray              Conj           ###...       3%          2    ##.....
 Conjure Flame            Conj/Fire      ##......     17%         3    ###....
 Dazzling Spray           Conj/Hex       ##....       17%         3    ###....
 Blink                    Tloc           N/A          22%         2    ##.....
 Call Imp                 Summ           #.......     22%         2    ##.....
 Slow                     Hex            #.......     22%         2    ##.....
 Force Lance              Conj/Tloc      ##......     50%         4    ####...
 Fulminant Prism          Conj/Hex       ##........   50%         4    ####...


Dungeon Overview and Level Annotations

Branches:
Dungeon (3/15)

Altars:
Nemelex Xobeh
Sif Muna
Trog
Wu Jian
Zin


Innate Abilities, Weirdness & Mutations

You cannot wear most types of armour.
You are very stealthy in the water. (Stealth+)
You are amphibious.
You can wear up to eight rings at the same time.
You can use your tentacles to constrict eight enemies at once.
Your skin changes colour to match your surroundings (Stealth+).
Your rubbery body absorbs attacks. (AC +1, EV +1)


Message History

The quokka barely misses you.
You hit the quokka. Your grab misses the quokka.
The quokka is severely wounded.
The quokka bites you. x2
You hit the quokka. You drain the quokka!
You kill the quokka!
Sif Muna accepts your kill.
Your Spellcasting skill increases to level 4!
You have reached level 5!
You feel stronger.
Things that are here:
a falchion; a chain mail; an orc skeleton Really walk into a travel-excluded area?
Found an emerald potion.
You now have 147 gold pieces (gained 14).
You start resting.
Magic restored.
You are engulfed in blazing flames.
Ouch! That really hurt!
You die...

###...### §...!.§ §.?.:.§ ..#
...!% ..# #.!.# #.# #§§§# #.# #
#§§§# #.# #.####### #§@§# #.#
###.#.....# ###...### #.# ####
...).....## #.##.##.# #†# #...
###.#.##.# #.##....###.## #.##
#.#.##.# #.#####.##...#####.#
#.#.##.####.....÷)...........#
###.#.##...........).....###.###
....#.###############.#.## #.#
......# #.#.# #.#


There were no monsters in sight!

Vanquished Creatures
  An orc priest (D:3)
  2 adders
  4 dart slugs
  6 leopard geckos
  2 orcs (D:3)
  3 giant cockroaches
  2 goblins
  8 hobgoblins
  2 quokkas (D:3)
  A ball python (D:1)
  4 bats
  3 frilled lizards (D:1)
  8 kobolds
  6 rats
52 creatures vanquished.

Notes
Turn   | Place    | Note
-------+----------+-------------------------------------------
     0 | D:1      | RonnieColeman the Octopode Conjurer began the quest for the
                  | Orb.
     0 | D:1      | Reached XP level 1. HP: 11/11 MP: 3/3
   162 | D:1      | Reached XP level 2. HP: 9/17 MP: 5/5
   698 | D:1      | Reached XP level 3. HP: 17/21 MP: 7/7
  1057 | D:2      | Found a sparkling altar of Nemelex Xobeh.
  1177 | D:2      | Found a glowing silver altar of Zin.
  1248 | D:2      | Found an ornate altar of the Wu Jian Council.
  1248 | D:2      | Found a deep blue altar of Sif Muna.
  1560 | D:2      | Reached XP level 4. HP: 27/27 MP: 9/9
  1565 | D:2      | Found a bloodstained altar of Trog.
  1832 | D:2      | Became a worshipper of Sif Muna the Loreminder
  1991 | D:2      | Learned a level 3 spell: Mephitic Cloud
  1996 | D:2      | Learned a level 4 spell: Iskenderun's Mystic Blast
  2531 | D:3      | Reached XP level 5. HP: 24/31 MP: 9/11
  2548 | D:3      | Engulfed by a cloud of flame

Vault maps used:
D:1:      co_arrival_random_square_maze, minmay_bisected
D:2:      nemelex_altar_shiori, marbit_many_paths,
          gammafunk_temple_overflow_wave, first_ration,
          trog_three_pillars_becter
D:3:      lemuel_flame_loot_1

Skill      XL: |  1  2  3  4 |
---------------+-------------+-----
Spellcasting   | 3 4 |  4.0
Dodging        | |  2.0
Stealth        | |  2.6
Conjurations   | |  4.7

Action                   |  1- 3 |  4- 6 || total
-------------------------+-------+-------++-------
Melee: Short sword       |    71 |    24 ||    95
       Constrict         |    21 |     7 ||    28
       Unarmed           |     2 |       ||     2
       Tentacles         |     8 |     4 ||    12
 Cast: Magic Dart        |       |    11 ||    11
       Mephitic Cloud    |       |     1 ||     1
 Stab: Sleeping          |    10 |     1 ||    11
  Eat: Chunk             |     2 |     3 ||     5
Armor: Skin              |     3 |     1 ||     4
Dodge: Dodged            |    47 |    20 ||    67
Block: Shield            |     8 |       ||     8

Table legend:
 A = Non-vault XP
 B = Vault XP
 C = Vault XP percentage of total XP
 D = Non-vault monster count
 E = Vault monster count
 F = Vault count percentage of total count
                 A         B        C        D         E       F
            +---------+---------+-------+---------+---------+-------
      Total |     158 |       8 |   4.8 |      48 |       4 |   7.7
            +---------+---------+-------+---------+---------+-------
        D:1 |      31 |       7 |  18.4 |      18 |       3 |  14.3
        D:2 |      46 |       1 |   2.1 |      18 |       1 |   5.3
        D:3 |      81 |       0 |   0.0 |      12 |       0 |   0.0
            +---------+---------+-------+---------+---------+-------
